UNITED STATES SILVER LEAGUE
NORFOLK CRUISERS VS SAN FRANCISCO FOG
06/12/2014
 
TOP OF THE 1ST
San Francisco Fog batting - Pitching for Norfolk Cruisers : RHP Markus Morgan
Pitching: RHP Markus Morgan
Batting: LHB Manuel Núñez 0-0: Called Strike
0-1: Foul Ball, location: 2F
0-2: Foul Ball, location: 2F
0-2: Foul Ball, location: 2F
0-2: Ground out 6-3 (Groundball, 6)
Batting: RHB Mark Ross 0-0: Swinging Strike
0-1: Ball
1-1: Swinging Strike
1-2: Foul Ball, location: 2F
1-2: Foul Ball, location: 2F
1-2: Ball
2-2: Foul Ball, location: 2F
2-2: Foul Ball, location: 2F
2-2: Foul Ball, location: 2F
2-2: Strikes out looking
Batting: RHB Fernando López 0-0: Foul Ball, location: 2F
0-1: SINGLE (Groundball, 5D)
Batting: LHB Cristo Nieto 0-0: Called Strike
0-1: Foul Ball, location: 2F
0-2: Ball
Fernando López is caught stealing 2nd base
Top of the 1st over - 0 run(s), 1 hit(s), 0 error(s), 0 left on base; San Francisco 0 - Norfolk 0
BOTTOM OF THE 1ST
Norfolk Cruisers batting - Pitching for San Francisco Fog : RHP Bill Prowse
Pitching: RHP Bill Prowse
Batting: RHB Terry Sylvester 0-0: Bunt for hit - play at first, batter OUT! 3-4
Batting: SHB Stephen Baldwin 0-0: Ball
1-0: Ball
2-0: Foul Ball, location: 2F
2-1: Ball
3-1: Foul Ball, location: 2F
3-2: Strikes out swinging
Batting: RHB Carlos Rodríguez 0-0: SINGLE (Line Drive, 9S)
Batting: RHB Ben Ramey 0-0: Ball
1-0: Swinging Strike
1-1: Ball
2-1: Ball
3-1: Called Strike
3-2: Strikes out swinging
Bottom of the 1st over - 0 run(s), 1 hit(s), 0 error(s), 1 left on base; San Francisco 0 - Norfolk 0
TOP OF THE 2ND
San Francisco Fog batting - Pitching for Norfolk Cruisers : RHP Markus Morgan
Batting: LHB Cristo Nieto 0-0: Called Strike
0-1: Ball
1-1: Called Strike
1-2: Ball
2-2: Foul Ball, location: 2F
2-2: Strikes out swinging
Batting: RHB David Gil 0-0: Called Strike
0-1: Foul Ball, location: 2F
0-2: Foul Ball, location: 2F
0-2: Ball
1-2: Ball
2-2: Ground out 4-3 (Groundball, 4)
Batting: RHB Pablo León 0-0: Ball
1-0: Foul Ball, location: 2F
1-1: Foul Ball, location: 2F
1-2: Strikes out swinging
Top of the 2nd over - 0 run(s), 0 hit(s), 0 error(s), 0 left on base; San Francisco 0 - Norfolk 0
BOTTOM OF THE 2ND
Norfolk Cruisers batting - Pitching for San Francisco Fog : RHP Bill Prowse
Batting: RHB Pedro Peña 0-0: Called Strike
0-1: Foul Ball, location: 2F
0-2: Strikes out swinging
Batting: SHB Scott Duncan 0-0: Foul Ball, location: 2F
0-1: Ball
1-1: Ball
2-1: Ground out 6-3 (Groundball, 6M)
Batting: SHB Pancho Ríos 0-0: Called Strike
0-1: Ball
1-1: Foul Ball, location: 2F
1-2: SINGLE (Flyball, 7S)
Batting: RHB Bill Childers 0-0: Called Strike
0-1: Ground out 6-3 (Groundball, 6)
Bottom of the 2nd over - 0 run(s), 1 hit(s), 0 error(s), 1 left on base; San Francisco 0 - Norfolk 0
TOP OF THE 3RD
San Francisco Fog batting - Pitching for Norfolk Cruisers : RHP Markus Morgan
Batting: RHB Matt Mooney 0-0: Ball
1-0: Ball
2-0: Ball
3-0: Base on Balls
Batting: RHB Jorge Gonzáles 0-0: Swinging Strike
0-1: Ball
1-1: Called Strike
1-2: Foul Ball, location: 2F
1-2: Strikes out looking
Batting: RHB Bill Prowse 0-0: Swinging Strike
0-1: Sac Bunt - play at first, batter OUT! 5-4
Matt Mooney to second
Batting: LHB Manuel Núñez 0-0: Called Strike
0-1: Fly out, F7 (Flyball, 7LM)
Top of the 3rd over - 0 run(s), 0 hit(s), 0 error(s), 1 left on base; San Francisco 0 - Norfolk 0
BOTTOM OF THE 3RD
Norfolk Cruisers batting - Pitching for San Francisco Fog : RHP Bill Prowse
Batting: RHB Markus Morgan 0-0: Foul Ball, location: 2F
0-1: Ball
1-1: Ball
2-1: Fly out, F7 (Flyball, 7D)
Batting: RHB Terry Sylvester 0-0: Ball
1-0: Swinging Strike
1-1: Swinging Strike
1-2: Ground out U3 (Groundball, 3S)
Batting: SHB Stephen Baldwin 0-0: Called Strike
0-1: Ground out 1-3 (Groundball, 13S)
Bottom of the 3rd over - 0 run(s), 0 hit(s), 0 error(s), 0 left on base; San Francisco 0 - Norfolk 0
TOP OF THE 4TH
San Francisco Fog batting - Pitching for Norfolk Cruisers : RHP Markus Morgan
Batting: RHB Mark Ross 0-0: Ball
1-0: Called Strike
1-1: Ball
2-1: Foul Ball, location: 2F
2-2: Foul Ball, location: 2F
2-2: Foul Ball, location: 2F
2-2: Strikes out looking
Batting: RHB Fernando López 0-0: Fly out, F7 (Flyball, 7D)
Batting: LHB Cristo Nieto 0-0: Foul Ball, location: 2F
0-1: Ball
1-1: Ball
2-1: Ball
3-1: DOUBLE (Flyball, 78XD)
Batting: RHB David Gil 0-0: Ground out 6-3 (Groundball, 6D)
Top of the 4th over - 0 run(s), 1 hit(s), 0 error(s), 1 left on base; San Francisco 0 - Norfolk 0
BOTTOM OF THE 4TH
Norfolk Cruisers batting - Pitching for San Francisco Fog : RHP Bill Prowse
Batting: RHB Carlos Rodríguez 0-0: Called Strike
0-1: Ball
1-1: Foul Ball, location: 2F
1-2: Foul Ball, location: 2F
1-2: Ball
2-2: Fly out, F9 (Popup, 9LS)
Batting: RHB Ben Ramey 0-0: Ball
1-0: Called Strike
1-1: Ball
2-1: Ball
3-1: Fly out, F7 (Line Drive, 7D)
Batting: RHB Pedro Peña 0-0: Swinging Strike
0-1: DOUBLE (Flyball, 7LS)
Batting: SHB Scott Duncan 0-0: Called Strike
0-1: Ball
1-1: Ball
2-1: Swinging Strike
2-2: Foul Ball, location: 2F
2-2: Ground out 3-1 (Groundball, 34)
Bottom of the 4th over - 0 run(s), 1 hit(s), 0 error(s), 1 left on base; San Francisco 0 - Norfolk 0
TOP OF THE 5TH
San Francisco Fog batting - Pitching for Norfolk Cruisers : RHP Markus Morgan
Batting: RHB Pablo León 0-0: Foul Ball, location: 2F
0-1: Ball
1-1: Ball
2-1: Called Strike
2-2: SINGLE (Popup, 34D)
Batting: RHB Matt Mooney 0-0: Called Strike
0-1: Grounds into double play, 6-4-3 (Groundball, 6)
Batting: RHB Jorge Gonzáles 0-0: Ground out 4-3 (Groundball, 4)
Top of the 5th over - 0 run(s), 1 hit(s), 0 error(s), 0 left on base; San Francisco 0 - Norfolk 0
BOTTOM OF THE 5TH
Norfolk Cruisers batting - Pitching for San Francisco Fog : RHP Bill Prowse
Batting: SHB Pancho Ríos 0-0: Ball
1-0: Called Strike
1-1: Ball
2-1: Fly out, F7 (Flyball, 78D)
Batting: RHB Bill Childers 0-0: Ball
1-0: Called Strike
1-1: Ball
2-1: Ground out 1-3 (Groundball, 15S)
Batting: RHB Markus Morgan 0-0: Fly out, F9 (Line Drive, 9M)
Bottom of the 5th over - 0 run(s), 0 hit(s), 0 error(s), 0 left on base; San Francisco 0 - Norfolk 0
TOP OF THE 6TH
San Francisco Fog batting - Pitching for Norfolk Cruisers : RHP Markus Morgan
Batting: RHB Bill Prowse 0-0: Ball
1-0: Ball
2-0: Ball
3-0: Called Strike
3-1: Foul Ball, location: 2F
3-2: Base on Balls
Batting: LHB Manuel Núñez 0-0: Ball
1-0: Ball
2-0: TRIPLE (Groundball, 3L)
Bill Prowse scores
Batting: RHB Mark Ross 0-0: Called Strike
0-1: Foul Ball, location: 2F
0-2: Strikes out looking
Batting: RHB Fernando López 0-0: Ball
1-0: Swinging Strike
1-1: Foul Ball, location: 2F
1-2: Foul Ball, location: 2F
1-2: Strikes out swinging
Batting: LHB Cristo Nieto 0-0: Swinging Strike
0-1: Foul Ball, location: 2F
0-2: Ball
1-2: Foul Ball, location: 2F
1-2: Ball
2-2: Ball
3-2: Ground out 4-3 (Groundball, 4)
Top of the 6th over - 1 run(s), 1 hit(s), 0 error(s), 1 left on base; San Francisco 1 - Norfolk 0
BOTTOM OF THE 6TH
Norfolk Cruisers batting - Pitching for San Francisco Fog : RHP Bill Prowse
Batting: RHB Terry Sylvester 0-0: Called Strike
0-1: Swinging Strike
0-2: Ball
1-2: Strikes out swinging
Batting: SHB Stephen Baldwin 0-0: Called Strike
0-1: Ball
1-1: Ball
2-1: Foul Ball, location: 2F
2-2: Ball
3-2: Strikes out swinging
Batting: RHB Carlos Rodríguez 0-0: Foul Ball, location: 2F
0-1: Ball
1-1: Foul Ball, location: 2F
1-2: Ball
2-2: Fly out, F7 (Flyball, 7LM)
Bottom of the 6th over - 0 run(s), 0 hit(s), 0 error(s), 0 left on base; San Francisco 1 - Norfolk 0
TOP OF THE 7TH
San Francisco Fog batting - Pitching for Norfolk Cruisers : RHP Markus Morgan
Batting: RHB David Gil 0-0: Ball
1-0: Called Strike
1-1: Ball
2-1: Called Strike
2-2: Foul Ball, location: 2F
2-2: Foul Ball, location: 2F
2-2: Ball
3-2: Base on Balls
Pitching: RHP Cam Davidson
Batting: RHB Pablo León 0-0: Ball
1-0: Ball
2-0: Called Strike
2-1: Foul Ball, location: 2F
2-2: Ball
3-2: Foul Ball, location: 2F
3-2: Ground out 5-3 (Groundball, 5S)
David Gil to second
Batting: RHB Matt Mooney 0-0: Ball
1-0: SINGLE (Line Drive, 7S)
David Gil to third
Runner from 3rd tries for Home, SAFE, throw made home
Batting: RHB Jorge Gonzáles 0-0: Ball
1-0: Ball
2-0: Called Strike
2-1: Ball
3-1: SINGLE (Line Drive, 89S)
Matt Mooney to second
Batting: RHB Bill Prowse 0-0: Ball
1-0: Foul Ball, location: 2F
1-1: Bunted foul
1-2: Bunted foul, Strikeout!
Pitching: LHP Monte Conner
Pinch Hitting: RHB Alfred Roberts 0-0: Foul Ball, location: 2F
0-1: Ball
1-1: Ball
2-1: Fly out, F9 (Flyball, 9LM)
Top of the 7th over - 1 run(s), 2 hit(s), 0 error(s), 2 left on base; San Francisco 2 - Norfolk 0
BOTTOM OF THE 7TH
Norfolk Cruisers batting - Pitching for San Francisco Fog : RHP Bill Prowse
Now in CF: Armando Esparza
Batting: RHB Ben Ramey 0-0: Fly out, F2 (Popup, 2LF)
Batting: RHB Pedro Peña 0-0: Ball
1-0: Ball
2-0: Ball
3-0: Base on Balls
Batting: SHB Scott Duncan 0-0: Ball
1-0: Fielders Choice at 2nd, 2-4 (Groundball, 2R)
Batting: SHB Pancho Ríos 0-0: Called Strike
Scott Duncan steals 2nd base
0-1: Fly out, F8 (Flyball, 8RD)
Bottom of the 7th over - 0 run(s), 0 hit(s), 0 error(s), 1 left on base; San Francisco 2 - Norfolk 0
TOP OF THE 8TH
San Francisco Fog batting - Pitching for Norfolk Cruisers : LHP Monte Conner
Pitching: RHP Dave Conley
Now at 1B: James Bolden
Batting: RHB Mark Ross 0-0: Called Strike
0-1: Ball
1-1: Swinging Strike
1-2: Foul Ball, location: 2F
1-2: Ground out 5-3 (Groundball, 5)
Batting: RHB Fernando López 0-0: Ball
1-0: Ground out 6-3 (Groundball, 6)
Batting: LHB Cristo Nieto 0-0: Ball
1-0: Swinging Strike
1-1: SINGLE (Groundball, 34D)
Batting: RHB David Gil 0-0: SINGLE (Line Drive, 6M)
Cristo Nieto to second
Batting: RHB Pablo León 0-0: Ball
1-0: Swinging Strike
1-1: Ball
2-1: Ball
3-1: Called Strike
3-2: Foul Ball, location: 2F
3-2: Ground out U3 (Groundball, 3)
Top of the 8th over - 0 run(s), 2 hit(s), 0 error(s), 2 left on base; San Francisco 2 - Norfolk 0
BOTTOM OF THE 8TH
Norfolk Cruisers batting - Pitching for San Francisco Fog : RHP Bill Prowse
Now at 2B: Chris O'Colgley
Batting: RHB Bill Childers 0-0: Ball
1-0: Called Strike
1-1: Ground out 1-3 (Groundball, 13)
Batting: RHB James Bolden 0-0: Ball
1-0: Called Strike
1-1: Swinging Strike
1-2: Ball
2-2: Ground out 4-3 (Groundball, 34)
Batting: RHB Terry Sylvester 0-0: Called Strike
0-1: Ball
1-1: Ball
2-1: Fly out, F3 (Popup, 3SF)
Bottom of the 8th over - 0 run(s), 0 hit(s), 0 error(s), 0 left on base; San Francisco 2 - Norfolk 0
TOP OF THE 9TH
San Francisco Fog batting - Pitching for Norfolk Cruisers : RHP Dave Conley
Batting: RHB Matt Mooney 0-0: Ball
1-0: Ball
2-0: Ball
3-0: Base on Balls
Batting: RHB Jorge Gonzáles 0-0: SINGLE (Line Drive, 56)
Matt Mooney to second
Pinch Hitting: RHB Manuel González 0-0: Called Strike
0-1: Swinging Strike
0-2: Ball
1-2: Strikes out swinging
Batting: LHB Armando Esparza 0-0: Ball
1-0: Foul Ball, location: 2F
1-1: Fielders Choice at 2nd, U6 (Groundball, 6M)
Matt Mooney to third
Batting: RHB Mark Ross 0-0: Ball
1-0: Foul Ball, location: 2F
1-1: Ball
Armando Esparza steals 2nd base
2-1: Fly out, F9 (Flyball, 9M)
Top of the 9th over - 0 run(s), 1 hit(s), 0 error(s), 2 left on base; San Francisco 2 - Norfolk 0
BOTTOM OF THE 9TH
Norfolk Cruisers batting - Pitching for San Francisco Fog : RHP Bill Prowse
Pitching: RHP Rubén Ramírez
Batting: SHB Stephen Baldwin 0-0: Ball
1-0: Ball
2-0: Swinging Strike
2-1: Foul Ball, location: 2F
2-2: Strikes out swinging
Batting: RHB Carlos Rodríguez 0-0: Ball
1-0: Ball
2-0: Ball
3-0: Called Strike
3-1: Swinging Strike
3-2: Foul Ball, location: 2F
3-2: Base on Balls
Batting: RHB Ben Ramey 0-0: Ball
1-0: Ball
2-0: DOUBLE (Groundball, 5L)
Carlos Rodríguez to third
Batting: RHB Pedro Peña 0-0: Ball
1-0: Fly out, F7 (Line Drive, 7LM)
Runner from 3rd tags up, SCORES, throw made
Pinch Hitting: RHB San-gui Liang 0-0: Foul Ball, location: 2F
0-1: Ball
1-1: Ball
2-1: Fly out, F9 (Line Drive, 9D)
Bottom of the 9th over - 1 run(s), 1 hit(s), 0 error(s), 1 left on base; San Francisco 2 - Norfolk 1
This league is powered by Out of the Park Baseball, the baseball management simulation game for PC, Mac and Linux
Thursday, April 24th, 2014 - OOTP Baseball 14.6 Build 33